 Dungeon Crawl Stone Soup version 0.28-a0-413-gde365fb1df (webtiles) character file.

Game seed: 7411776763797296590

1758 zero the Slasher (level 9, 0/63 (73) HPs)
             Began as a Gnoll Cinder Acolyte on Sept 7, 2021.
             Was a High Priest of Ignis.
             Slain by Duvessa (4 damage)
             ... on level 6 of the Dungeon.
             The game lasted 00:10:51 (7460 turns).

zero the Slasher (Gnoll Cinder Acolyte)             Turns: 7460, Time: 00:10:52

HP:   0/63 (73)     AC:  4    Str: 13    XL:     9   Next: 6%
MP:   3/16          EV: 12    Int: 16    God:    Ignis [*****.]
Gold: 288           SH:  4    Dex:  9    Spells: 12/17 levels left

rFire   + . .      SeeInvis .   s - +0 hunting sling
rCold   . . .      Faith    .   n - +0 buckler
rNeg    . . .      Spirit   .   b - +0 robe
rPois   .          Reflect  .   (no helmet)
rElec   .          Harm     .   u - +0 cloak
rCorr   +          Rampage  .   x - +0 pair of gloves
Will    .....      Clarity  +   (no boots)
Stlth   +.........              (no amulet)
HPRegen 0.20/turn               m - ring of resist corrosion
MPRegen 0.15/turn               (no ring)

@: lit by a corona, hasted, glowing, heavily drained, very quick
A: fangs 1, strong nose, distributed training, hooves 1, clarity
a: Renounce Religion, Sea of Fire, Foxfire Swarm, Rising Flame


You were on level 6 of the Dungeon.
You worshipped Ignis.
Ignis was extremely pleased with you.
You visited 1 branch of the dungeon, and saw 6 of its levels.

You collected 288 gold pieces.

Inventory:

Hand Weapons
 a - a -1 falchion of flaming
 s - a +0 hunting sling (weapon)
Missiles
 h - 64 sling bullets (quivered ammo)
 i - 9 poisoned darts
 l - a throwing net
Armour
 b - a +0 robe (worn)
 n - a +0 buckler (worn)
 u - a +0 cloak (worn)
 x - a +0 pair of gloves (worn)
Jewellery
 m - a ring of resist corrosion (left hand)
Wands
 w - a wand of flame (14)
Scrolls
 c - a scroll of teleportation {unknown}
 e - a scroll of magic mapping {unknown}
 f - 3 scrolls of identify {unknown}
 o - a scroll of brand weapon {unknown}
Potions
 d - a potion of haste
 g - a potion of heal wounds {unknown}
 j - a potion of cancellation {unknown}
 k - a potion of berserk rage
 q - a potion of attraction {unknown}
 t - a potion of flight {unknown}
 v - a potion of mutation


   Skills:
 + Level 7.7 Fighting
 + Level 3.8 Short Blades
 + Level 7.7 Long Blades
 + Level 3.8 Axes
 + Level 3.8 Maces & Flails
 + Level 3.8 Polearms
 + Level 3.8 Staves
 + Level 3.8 Slings
 + Level 3.8 Bows
 + Level 3.8 Crossbows
 + Level 3.8 Throwing
 + Level 3.8 Armour
 + Level 3.8 Dodging
 + Level 3.8 Stealth
 + Level 3.8 Shields
 + Level 3.8 Unarmed Combat
 + Level 4.8 Spellcasting
 + Level 3.1 Conjurations
 + Level 3.1 Hexes
 + Level 3.1 Summonings
 + Level 3.1 Necromancy
 + Level 3.1 Translocations
 + Level 3.1 Transmutations
 + Level 6.3 Fire Magic
 + Level 3.1 Ice Magic
 + Level 3.1 Air Magic
 + Level 3.1 Earth Magic
 + Level 3.1 Poison Magic
 + Level 4.2 Invocations
 + Level 3.8 Evocations


You had 12 spell levels left.
You knew the following spells:

 Your Spells              Type           Power      Damage    Failure   Level
a - Scorch                Fire           48%        2d7       1%          2
b - Inner Flame           Hex/Fire       19%        N/A       6%          3

Your spell library contained the following spells:

 Spells                   Type           Power      Damage    Failure   Level
 Cause Fear               Hex            7%         N/A       38%         4
 Discord                  Hex            7%         N/A       100%        8


Dungeon Overview and Level Annotations

Branches:
Dungeon (6/15)             Temple (0/1) D:5

Altars:
Hepliaklqana
Makhleb
Nemelex Xobeh
Wu Jian
Zin

Annotations:
D:4 1 runed translucent door, Crazy Yiuf
D:6 Duvessa


Innate Abilities, Weirdness & Mutations

You have very sharp teeth.
Your uncanny sense of smell can sniff out nearby items.
Your experience applies equally to all skills.
You have large cloven feet.
You possess an exceptional clarity of mind.


Message History

Duvessa hits you with a +2 short sword of draining.
You feel drained.
Duvessa hits you with a +2 short sword of draining.
You feel drained.
Casting: Scorch (safe; 1% risk of failure)
Confirm with . or Enter, or press ? or * to list all spells.
Flames lash Dowan.
Dowan is burned terribly!
You kill Dowan!
Duvessa screams in rage.
Duvessa goes berserk!
Duvessa closely misses you.
Casting: Scorch (safe; 1% risk of failure)
Confirm with . or Enter, or press ? or * to list all spells.
Flames lash Duvessa but do no damage.
Duvessa hits you with a +2 short sword of draining!
You feel drained. You block Duvessa's attack.
Casting: Scorch (safe; 1% risk of failure)
Confirm with . or Enter, or press ? or * to list all spells.
Flames lash Duvessa.
Duvessa is heavily wounded.
Duvessa hits you with a +2 short sword of draining.
You feel drained.
Casting: Scorch (safe; 1% risk of failure)
Confirm with . or Enter, or press ? or * to list all spells.
Flames lash Duvessa but do no damage.
Duvessa is no longer more vulnerable to fire.
Duvessa hits you with a +2 short sword of draining!
* * * LOW HITPOINT WARNING * * *
You feel drained.
* * * LOW HITPOINT WARNING * * *
Duvessa hits you with a +2 short sword of draining.
* * * LOW HITPOINT WARNING * * *
You feel drained.
Casting: Scorch (safe; 1% risk of failure)
Confirm with . or Enter, or press ? or * to list all spells.
Flames lash Duvessa.
Duvessa is heavily wounded.
Duvessa's fire resistance burns away.
You block Duvessa's attack.
You feel yourself speed up.
Duvessa hits you with a +2 short sword of draining.
You die...

########
#......#
#.####.# #.#
#.# #.# #.#
(#######.####.#
((((()e@......#
(#.#####.####.#
#.# #.# ..# #.#
### #.### #.).#
#<#.####
#...[..#
###.##.#


You could see Duvessa (berserk, fast, inflammable).

Vanquished Creatures
  Prince Ribbit (D:5)
  Grinder (D:4)
  Menkaure (D:4)
  Edmund (D:4)
  2 water moccasins (D:5)
  An orc warrior (D:6)
  An ogre (D:4)
  A phantom (D:4)
  Dowan (D:6)
  2 howler monkeys (D:5)
  A hound (D:5)
  A bullfrog zombie (D:5)
  An orc priest (D:6)
  A gnoll shaman (D:5)
  2 centaur skeletons (D:5)
  2 iguanas
  Ijyb (D:5)
  Natasha (thrice) (D:3)
  2 orc wizards
  4 gnolls (D:5)
  3 adders
  A shadow imp (D:5)
  An adder skeleton (D:4)
  A worm (D:4)
  5 dart slugs
  13 orcs
  8 endoplasms
  3 giant cockroaches
  5 goblins
  7 hobgoblins
  6 jackals
  4 kobolds
  3 quokkas
  3 ball pythons
  A bat (D:1)
  8 rats
102 creatures vanquished.

Vanquished Creatures (others)
  2 plants (D:4)
2 creatures vanquished.

Grand Total: 104 creatures vanquished

Notes
Turn   | Place    | Note
-------+----------+-------------------------------------------
     0 | D:1      | zero the Gnoll Cinder Acolyte began the quest for the Orb.
     0 | D:1      | Reached XP level 1. HP: 23/23 MP: 4/4
   166 | D:1      | Reached XP level 2. HP: 28/29 MP: 5/5
   174 | D:1      | Learned a level 2 spell: Scorch
   806 | D:1      | Reached XP level 3. HP: 19/35 MP: 7/7
  1536 | D:2      | Reached skill level 1 in Invocations
  1694 | D:2      | Reached skill level 1 in Short Blades
  1694 | D:2      | Reached skill level 1 in Axes
  1694 | D:2      | Reached skill level 1 in Maces & Flails
  1694 | D:2      | Reached skill level 1 in Polearms
  1694 | D:2      | Reached skill level 1 in Staves
  1694 | D:2      | Reached skill level 1 in Slings
  1694 | D:2      | Reached skill level 1 in Bows
  1694 | D:2      | Reached skill level 1 in Crossbows
  1694 | D:2      | Reached skill level 1 in Throwing
  1694 | D:2      | Reached skill level 1 in Armour
  1694 | D:2      | Reached skill level 1 in Dodging
  1694 | D:2      | Reached skill level 1 in Stealth
  1694 | D:2      | Reached skill level 1 in Shields
  1694 | D:2      | Reached skill level 1 in Unarmed Combat
  1694 | D:2      | Reached skill level 1 in Evocations
  1931 | D:2      | Found a faded altar of an unknown god.
  1938 | D:2      | Found a hazy altar of Hepliaklqana.
  2146 | D:2      | Reached XP level 4. HP: 31/41 MP: 1/8
  2556 | D:3      | Noticed Natasha
  2561 | D:3      | Killed Natasha
  2630 | D:3      | Found a sparkling altar of Nemelex Xobeh.
  2630 | D:3      | Found a burning altar of Makhleb.
  2635 | D:3      | Reached skill level 1 in Conjurations
  2635 | D:3      | Reached skill level 1 in Hexes
  2635 | D:3      | Reached skill level 1 in Summonings
  2635 | D:3      | Reached skill level 1 in Necromancy
  2635 | D:3      | Reached skill level 1 in Translocations
  2635 | D:3      | Reached skill level 1 in Transmutations
  2635 | D:3      | Reached skill level 1 in Ice Magic
  2635 | D:3      | Reached skill level 1 in Air Magic
  2635 | D:3      | Reached skill level 1 in Earth Magic
  2635 | D:3      | Reached skill level 1 in Poison Magic
  2851 | D:3      | Reached XP level 5. HP: 47/47 MP: 0/9
  3115 | D:3      | Found an ornate altar of the Wu Jian Council.
  3320 | D:3      | Noticed Natasha
  3327 | D:3      | Killed Natasha
  3690 | D:3      | Noticed Natasha
  3698 | D:3      | Killed Natasha
  3786 | D:4      | Noticed a phantom
  3799 | D:4      | Noticed an ogre
  3806 | D:4      | Killed a phantom
  3807 | D:4      | Reached XP level 6. HP: 35/53 MP: 1/11
  4334 | D:4      | Found a runed translucent door.
  4335 | D:4      | Noticed Crazy Yiuf
  4610 | D:4      | Noticed Edmund
  4618 | D:4      | Killed Edmund
  4737 | D:4      | Noticed Menkaure
  4741 | D:4      | Killed Menkaure
  4742 | D:4      | Reached XP level 7. HP: 60/60 MP: 7/12
  5031 | D:4      | Noticed Grinder
  5033 | D:4      | Paralysed by Grinder for 2 turns
  5040 | D:4      | Paralysed by Grinder for 3 turns
  5045 | D:4      | Killed Grinder
  5450 | D:5      | Entered Level 5 of the Dungeon
  5470 | D:5      | Reached XP level 8. HP: 63/67 MP: 7/14
  5554 | D:5      | Learned a level 3 spell: Inner Flame
  5963 | D:5      | Noticed Ijyb
  5975 | D:5      | Killed Ijyb
  6259 | D:5      | Found a staircase to the Ecumenical Temple.
  6266 | D:5      | Found a glowing silver altar of Zin.
  6844 | D:5      | Noticed Prince Ribbit
  6852 | D:5      | Killed Prince Ribbit
  7014 | D:5      | Reached XP level 9. HP: 14/72 MP: 1/16
  7021 | D:5      | Gained mutation: You have large cloven feet. [potion of
                  | mutation]
  7021 | D:5      | Gained mutation: You possess an exceptional clarity of
                  | mind. [potion of mutation]
  7443 | D:6      | Noticed Dowan
  7446 | D:6      | Noticed Duvessa
  7455 | D:6      | Killed Dowan
  7458 | D:6      | HP: 3/65 [Duvessa (6)]
  7460 | D:6      | Slain by Duvessa

Illustrated notes

Levels and vault maps discovered:
D:1:      giann_horns, layout_basic, minmay_small_reverse_x
D:2:      layout_basic, basic_ecumenical_altar, basic_altar,
          supply_closet_lemuel
D:3:      layout_loops_ring, nicolae_wu_jian_glorious_leap,
          grunt_temple_overflow_open, grunt_decor_resistance, uniq_natasha
D:4:      cheibrodos_old_hovel, layout_gridville, hangedman_glass_teeth,
          uniq_grinder, uniq_crazy_yiuf_cottage, uniq_menkaure, uniq_edmund
D:5:      layout_gridville, zin_academy, minmay_temple_entry_purple_smoke,
          uniq_prince_ribbit1, uniq_ijyb
D:6:      layout_loops_ring, gup_sewer_entry_bubbles, uniq_duvessa

Skill      XL: |  1  2  3  4  5  6  7  8 |
---------------+-------------------------+-----
Invocations    | 1 2 3 4 |  4.2
Short Blades   | 1 2 3 |  3.8
Axes           | 1 2 3 |  3.8
Maces & Flails | 1 2 3 |  3.8
Polearms       | 1 2 3 |  3.8
Staves         | 1 2 3 |  3.8
Slings         | 1 2 3 |  3.8
Bows           | 1 2 3 |  3.8
Crossbows      | 1 2 3 |  3.8
Throwing       | 1 2 3 |  3.8
Armour         | 1 2 3 |  3.8
Dodging        | 1 2 3 |  3.8
Stealth        | 1 2 3 |  3.8
Shields        | 1 2 3 |  3.8
Unarmed Combat | 1 2 3 |  3.8
Evocations     | 1 2 3 |  3.8
Spellcasting   | 3 4 |  4.8
Conjurations   | 1 2 3 |  3.1
Hexes          | 1 2 3 |  3.1
Summonings     | 1 2 3 |  3.1
Necromancy     | 1 2 3 |  3.1
Translocations | 1 2 3 |  3.1
Transmutations | 1 2 3 |  3.1
Ice Magic      | 1 2 3 |  3.1
Air Magic      | 1 2 3 |  3.1
Earth Magic    | 1 2 3 |  3.1
Poison Magic   | 1 2 3 |  3.1
Fighting       | 7 |  7.7
Long Blades    | 7 |  7.7
Fire Magic     | 6 |  6.3

Action                   |  1- 3 |  4- 6 |  7- 9 || total
-------------------------+-------+-------+-------++-------
Melee: Falchion          |    63 |    30 |     7 ||   100
       Bite              |     2 |     2 |       ||     4
 Fire: Hunting sling     |       |    45 |   113 ||   158
Throw: Dart              |       |       |     5 ||     5
 Cast: Scorch            |    22 |    44 |    55 ||   121
       Inner Flame       |       |       |     1 ||     1
  Use: Potion            |       |       |     6 ||     6
 Stab: Sleeping          |     1 |       |       ||     1
Armor: Robe              |    14 |     7 |    12 ||    33
Dodge: Dodged            |    38 |    25 |    30 ||    93
Block: Buckler           |       |     4 |    12 ||    16

Table legend: (Time is in decaauts)
 A = Elapsed time spent in this place.
 B = Non-inter-level travel time spent in this place.
 C = Inter-level travel time spent in this place.
 D = Time resting spent in this place.
 E = Time spent auto-exploring this place.
 F = Levels seen in this place.
 G = Mean time per level.
                   A        B        C        D        E       F      G
               +--------+--------+--------+--------+--------+-----+--------+
         Total |   7475 |   7170 |    305 |   2063 |   4121 |   6 | 1245.8 |
       Dungeon |   7475 |   7170 |    305 |   2063 |   4121 |   6 | 1245.8 |
               +--------+--------+--------+--------+--------+-----+--------+

Top non-repeatable levels by time:
     D:5: 1827 daAuts
     D:4: 1823 daAuts
     D:1: 1500 daAuts
     D:3: 1201 daAuts
     D:2: 942 daAuts
     D:6: 179 daAuts
